 Dungeon Crawl Stone Soup version 0.21.1-1-g345015f (webtiles) character file.

11739 tidbits the Thaumaturge (level 11, -1/94 HPs)
             Began as a Gnoll Skald on June 17, 2018.
             Was a Priest of Cheibriados.
             Slain by Agnes
             ... wielding a +2 lajatang of venom
              (13 damage)
             ... on level 1 of the Snake Pit.
             The game lasted 00:34:59 (2321 turns).

tidbits the Thaumaturge (Gnoll Skald)               Turns: 2321, Time: 00:35:00

Health: -1/94      AC: 14    Str: 20    XL:     11   Next: 82%
Magic:  23/23      EV: 23    Int: 29    God:    Cheibriados [***...]
Gold:   414        SH:  0    Dex: 23    Spells: 16/26 levels left

rFire    . . .     SeeInvis .   a - +3 war axe (drain)
rCold    . . .     Gourm    .   (no shield)
rNeg     . . .     Faith    .   B - +0 ring mail
rPois    .         Spirit   .   E - +2 hat
rElec    .         Reflect  .   (no cloak)
rCorr    .         Harm     .   G - +2 pair of gloves
MR       .....                  F - +1 pair of boots
Stlth    +++.......             K - amulet of magic regeneration
HPRegen  1.25/turn              V - +5 ring of evasion
MPRegen  0.43/turn              (no ring)

@: lethally poisoned (-1 -> -8), singing, regenerating, hasted
A: distributed training, fangs 1, agile 1, clever 1, robust 1, strong nose
a: Bend Time, Temporal Distortion, Renounce Religion


You were on level 1 of the Snake Pit.
You worshipped Cheibriados.
Cheibriados was most pleased with you.
You were hungry.

You visited 4 branches of the dungeon, and saw 14 of its levels.
You also visited: Ossuary.

You collected 414 gold pieces.

Inventory:

Hand Weapons
 a - a +3 war axe of draining (weapon)
   (You took it off an orc warrior on level 6 of the Dungeon)
 e - a +0 trident
 g - a +0 dagger
 i - a +0 hand axe
 l - a +0 morningstar
 D - a +4 battleaxe
 I - a +0 dagger of protection
   (You took it off an orc on level 8 of the Dungeon)
Missiles
 m - 2 javelins (quivered)
 H - 71 arrows
Armour
 b - a +0 leather armour
 t - a +0 helmet
 B - a +0 ring mail (worn)
 E - a +2 hat (worn)
 F - a +1 pair of boots (worn)
 G - a +2 pair of gloves (worn)
Jewellery
 n - a +4 amulet of reflection
   (You found it on level 2 of the Dungeon)
 K - an amulet of magic regeneration (around neck)
   (You found it on level 8 of the Dungeon)
 L - an uncursed ring of loudness
   (You found it on level 2 of the Lair of Beasts)
 V - a +5 ring of evasion (left hand)
   (You found it on level 1 of the Lair of Beasts)
Wands
 j - a wand of enslavement (8)
 q - a wand of flame (19)
Scrolls
 k - 3 scrolls of fear
 o - 2 scrolls of amnesia
 s - 4 scrolls of immolation
 v - 3 scrolls of remove curse
 y - a scroll of enchant armour
 N - a scroll of summoning {unknown}
Potions
 f - 3 potions of flight
 h - a potion of heal wounds
 p - a potion of brilliance
 u - 2 potions of haste
 w - 4 potions of mutation {!q}
 x - a potion of magic {unknown}
 z - a potion of degeneration {unknown}
 A - a potion of ambrosia {unknown}
 C - 2 potions of agility
 J - a potion of lignification
Books
 d - a book of Battle

   Spells                             Type                      Level
   a - Infusion                       Charms                       1
   b - Shroud of Golubria             Charms/Translocation         2
   c - Song of Slaying                Charms                       2
   d - Spectral Weapon                Hexes/Charms                 3
   e - Regeneration                   Charms/Necromancy            3
Comestibles
 c - 9 rations


   Skills:
 + Level 8.1 Fighting
 + Level 6.5 Short Blades
 + Level 6.5 Long Blades
 + Level 8.1 Axes
 + Level 6.5 Maces & Flails
 + Level 6.5 Polearms
 + Level 6.5 Staves
 + Level 6.5 Slings
 + Level 6.5 Bows
 + Level 6.5 Crossbows
 + Level 6.5 Throwing
 + Level 7.1 Armour
 + Level 8.1 Dodging
 + Level 6.5 Stealth
 + Level 6.5 Shields
 + Level 6.5 Unarmed Combat
 + Level 8.3 Spellcasting
 + Level 5.4 Conjurations
 + Level 5.4 Hexes
 + Level 7.8 Charms
 + Level 5.4 Summonings
 + Level 5.4 Necromancy
 + Level 5.4 Translocations
 + Level 5.4 Transmutations
 + Level 5.4 Fire Magic
 + Level 5.4 Ice Magic
 + Level 5.4 Air Magic
 + Level 5.4 Earth Magic
 + Level 5.4 Poison Magic
 + Level 7.2 Invocations
 + Level 6.5 Evocations


You had 16 spell levels left.
You knew the following spells:

 Your Spells              Type           Power        Failure   Level  Hunger
g - Shroud of Golubria    Chrm/Tloc      ######....   1%          2    None
r - Regeneration          Chrm/Necr      ######....   1%          3    None
w - Spectral Weapon       Hex/Chrm       ######..     1%          3    None
y - Song of Slaying       Chrm           ######..     1%          2    None


Dungeon Overview and Level Annotations

Branches:
Dungeon (8/15)             Temple (1/1) D:6            Lair (4/6) D:8
  Snake (1/4) Lair:2
  Swamp: Lair:2-4    Shoals: Lair:2-4

Altars:
Ashenzari
Cheibriados
Dithmenos
Hepliaklqana
Kikubaaqudgha
Nemelex Xobeh
Qazlal
Wu Jian
The Shining One

Annotations:
Lair:3 emiel's ghost, journeyman HuEE
Snake:1 Agnes; Azrael


Innate Abilities, Weirdness & Mutations

Your experience applies equally to all skills.
You have very sharp teeth.
Your uncanny sense of smell can sniff out nearby items.
You are agile. (Dex +2)
Your mind is acute. (Int +2)
You are robust. (+10% HP)


Message History

The salamander barely misses you.
The salamander hits your spectral weapon with a war axe.
Your spectral weapon shares its damage with you!
Your spectral weapon is engulfed in flames!
Your spectral weapon resists.
Your spectral weapon shares its damage with you!
* * * LOW HITPOINT WARNING * * *
Unknown command.
You hit the salamander. You drain the salamander!
You bite the salamander, but do no damage.
The salamander is severely wounded.
You feel sick.
Your spectral weapon hits the salamander!
You kill the salamander!
Cheibriados appreciates the change of pace.
The salamander mystic gestures at the naga sharpshooter while chanting.
The naga sharpshooter seems to speed up.
Agnes closely misses you.
Unknown command.
You feel much better.
You feel sick.
Agnes says, "It is my duty to kill you, but also my pleasure."
Agnes closely misses you.
A swamp dragon comes into view.
Casting: Regeneration
Confirm with . or Enter, or press ? or * to list all spells.
You start singing a song of slaying.
You feel sick.
You hear an angry buzzing noise.
Agnes hits you with a lajatang of venom.
* * * LOW HITPOINT WARNING * * *
You are more poisoned.
Agnes hits you but does no damage.
Unknown command.
You slash Agnes! You drain Agnes!
Agnes is moderately wounded.
You feel sick.
Your spectral weapon closely misses Agnes.
Agnes hits you with a lajatang of venom!
* * * LOW HITPOINT WARNING * * *
You are more poisoned.
Unknown command.
You miss Agnes.
Agnes is moderately wounded.
You feel sick.
The vampire mosquito buzzes angrily.
Your spectral weapon misses Agnes.
Agnes completely misses you.
Agnes hits you with a lajatang of venom.
* * * LOW HITPOINT WARNING * * *
You are more poisoned.
Unknown command.
Unknown command.
It was a potion of haste.
You feel yourself speed up.
Cheibriados forgives your accidental hurry, just this once.
You feel very sick. Agnes closely misses you.
Okay, then.
Unknown command.
You barely miss Agnes.
Agnes is moderately wounded.
You feel sick.
Your spectral weapon barely misses Agnes.
Agnes misses you.
Unknown command.
Evoke which item? (* to show all) (? for menu, Esc to quit)
Aiming: Scattershot
Press: ? - help, Shift-Dir - straight line, f - Agnes
Aim: Agnes, wielding a lajatang of venom and wearing a robe (moderately wounded, lightly drained)
The burst of metal fragments hits the salamander mystic. x2
The burst of metal fragments hits Agnes.
The burst of metal fragments hits the salamander mystic. x3
The burst of metal fragments hits Agnes. x3
Agnes is heavily wounded.
The salamander mystic is lightly wounded.
You feel sick. Agnes misses you.
Unknown command.
Evoke which item? (* to show all) (? for menu, Esc to quit)
Aiming: Scattershot
Press: ? - help, Shift-Dir - straight line, f/p - Agnes
Aim: Agnes, wielding a lajatang of venom and wearing a robe (heavily wounded, lightly drained)
The burst of metal fragments hits the salamander mystic. x5
The burst of metal fragments hits Agnes.
The burst of metal fragments hits the salamander mystic. x2
The burst of metal fragments hits Agnes.
Agnes is severely wounded.
The salamander mystic is moderately wounded.
The now-empty wand crumbles to dust.
You feel sick. Agnes closely misses you.
The salamander mystic drinks a potion.
The salamander mystic seems to grow stronger.
Agnes asks, "Have you seen my kris anywhere?"
Agnes misses you.
Unknown command.
You closely miss Agnes.
Agnes is severely wounded.
You feel sick.
Your spectral weapon closely misses Agnes.
The naga sharpshooter gestures wildly while chanting.
The naga sharpshooter magically shoots a bolt.
The bolt hits you!
* * * LOW HITPOINT WARNING * * *
Agnes hits you with a lajatang of venom!
You die...

.... . ...#
..# k##N.#
#N# . ..###
.. ....##.#
#......##
#.......y
#####t...# ∆
####@iNNNN..#
#...(####y###
#....# ...
#....# .[...
####.#
.......
#..S.#
......#
###.####
#####.# #<..#
.# #.###


You could see Agnes, a naga sharpshooter, a salamander mystic, a salamander, an
anaconda, a crocodile, a vampire mosquito, a naga and a friendly spectral war
axe of draining.

Vanquished Creatures
  2 hydras
  A two-headed ogre (D:8)
  A shock serpent (Snake:1)
  A salamander (Snake:1)
  3 black mambas
  7 elephants (Lair:4)
  A spiny frog (Lair:4)
  A rime drake (Lair:2)
  A komodo dragon (Lair:2)
  Prince Ribbit (D:6)
  4 blink frogs
  A spriggan (Lair:4)
  3 yaks (Lair:4)
  A basilisk (Lair:4)
  A hungry ghost (D:8)
  Menkaure (D:6)
  2 nagas (Lair:2)
  3 porcupines (Lair:4)
  A water moccasin (Lair:2)
  A black bear (Lair:2)
  2 ice beasts (D:6)
  2 orc warriors
  A sky beast (D:4)
  10 wolves
  A centaur (D:8)
  2 crocodiles (Lair:4)
  A big kobold (D:8)
  3 bullfrogs
  A scorpion (D:8)
  3 wights (D:8)
  A howler monkey (D:8)
  A crimson imp (D:8)
  2 hounds
  2 orc priests
  An iguana (D:8)
  An orc wizard (D:5)
  8 mummies (Ossuary)
  4 adders
  2 gnolls
  2 adder zombies (D:8)
  2 worms (D:2)
  2 dart slugs (D:2)
  2 leopard geckos
  9 orcs
  2 bats (D:1)
  4 giant cockroaches
  3 goblins
  5 hobgoblins (D:1)
  3 jackals (D:1)
  3 kobolds
  3 quokkas
  6 frilled lizards
  A gnoll zombie (Ossuary)
  3 hobgoblin zombies (Ossuary)
  4 orc zombies (Ossuary)
  3 rats
142 creatures vanquished.

Vanquished Creatures (collateral kills)
  A black bear (D:6)
  A centaur (D:8)
  A centaur skeleton (D:8)
  3 orcs
6 creatures vanquished.

Vanquished Creatures (others)
  An anaconda (Snake:1)
  2 black mambas (Snake:1)
  2 slime creatures (Snake:1)
  A swamp drake (Snake:1)
  16 fungi
  2 plants (Lair:4)
  7 spectral weapons
31 creatures vanquished.

Grand Total: 179 creatures vanquished

Notes
Turn   | Place    | Note
-------+----------+-------------------------------------------
     0 | D:1      | tidbits the Gnoll Skald began the quest for the Orb.
     0 | D:1      | Reached XP level 1. HP: 20/20 MP: 6/6
   105 | D:1      | Reached XP level 2. HP: 23/26 MP: 4/7
   111 | D:1      | Learned a level 2 spell: Shroud of Golubria
   218 | D:2      | Reached skill level 5 in Spellcasting
   218 | D:2      | Reached XP level 3. HP: 31/31 MP: 0/9
   223 | D:2      | Learned a level 3 spell: Regeneration
   226 | D:2      | Learned a level 2 spell: Song of Slaying
   230 | D:2      | Learned a level 3 spell: Spectral Weapon
   278 | D:1      | Reached skill level 1 in Invocations
   395 | D:3      | Reached skill level 1 in Short Blades
   395 | D:3      | Reached skill level 1 in Long Blades
   395 | D:3      | Reached skill level 1 in Maces & Flails
   395 | D:3      | Reached skill level 1 in Polearms
   395 | D:3      | Reached skill level 1 in Staves
   395 | D:3      | Reached skill level 1 in Slings
   395 | D:3      | Reached skill level 1 in Bows
   395 | D:3      | Reached skill level 1 in Crossbows
   395 | D:3      | Reached skill level 1 in Throwing
   395 | D:3      | Reached skill level 1 in Stealth
   395 | D:3      | Reached skill level 1 in Shields
   395 | D:3      | Reached skill level 1 in Unarmed Combat
   395 | D:3      | Reached skill level 1 in Evocations
   397 | D:3      | Reached XP level 4. HP: 38/38 MP: 3/11
   450 | D:4      | Found a hazy altar of Hepliaklqana.
   477 | D:5      | Entered Level 5 of the Dungeon
   582 | D:5      | Gained mutation: You are agile. (Dex +2) [potion of mutation]
   582 | D:5      | Gained mutation: Your mind is acute. (Int +2) [potion of mutation]
   582 | D:5      | Gained mutation: You are robust. (+10% HP) [potion of mutation]
   583 | D:5      | Reached skill level 1 in Conjurations
   583 | D:5      | Reached skill level 1 in Hexes
   583 | D:5      | Reached skill level 1 in Summonings
   583 | D:5      | Reached skill level 1 in Necromancy
   583 | D:5      | Reached skill level 1 in Translocations
   583 | D:5      | Reached skill level 1 in Transmutations
   583 | D:5      | Reached skill level 1 in Fire Magic
   583 | D:5      | Reached skill level 1 in Ice Magic
   583 | D:5      | Reached skill level 1 in Air Magic
   583 | D:5      | Reached skill level 1 in Earth Magic
   583 | D:5      | Reached skill level 1 in Poison Magic
   609 | D:5      | Reached XP level 5. HP: 18/47 MP: 4/12
   903 | D:2      | Reached skill level 3 in Armour
   931 | D:3      | Noticed a sky beast
   967 | D:4      | HP: 2/47 [something (6)]
   970 | D:4      | Killed a sky beast
   970 | D:4      | Reached skill level 2 in Invocations
   970 | D:4      | Reached XP level 6. HP: 5/55 MP: 6/13
  1059 | D:6      | Noticed an ice beast
  1065 | D:6      | Killed an ice beast
  1065 | D:6      | Reached skill level 5 in Fighting
  1065 | D:6      | Reached skill level 2 in Short Blades
  1065 | D:6      | Reached skill level 2 in Long Blades
  1065 | D:6      | Reached skill level 5 in Axes
  1065 | D:6      | Reached skill level 2 in Maces & Flails
  1065 | D:6      | Reached skill level 2 in Polearms
  1065 | D:6      | Reached skill level 2 in Staves
  1065 | D:6      | Reached skill level 2 in Slings
  1065 | D:6      | Reached skill level 2 in Bows
  1065 | D:6      | Reached skill level 2 in Crossbows
  1065 | D:6      | Reached skill level 2 in Throwing
  1065 | D:6      | Reached skill level 5 in Dodging
  1065 | D:6      | Reached skill level 2 in Stealth
  1065 | D:6      | Reached skill level 2 in Shields
  1065 | D:6      | Reached skill level 2 in Unarmed Combat
  1065 | D:6      | Reached skill level 2 in Evocations
  1083 | D:6      | Reached XP level 7. HP: 61/61 MP: 7/15
  1098 | D:6      | Found a staircase to the Ecumenical Temple.
  1100 | D:6      | Noticed Prince Ribbit
  1116 | D:6      | Reached skill level 2 in Conjurations
  1116 | D:6      | Reached skill level 2 in Hexes
  1116 | D:6      | Reached skill level 2 in Summonings
  1116 | D:6      | Reached skill level 2 in Necromancy
  1116 | D:6      | Reached skill level 2 in Translocations
  1116 | D:6      | Reached skill level 2 in Transmutations
  1116 | D:6      | Reached skill level 2 in Fire Magic
  1116 | D:6      | Reached skill level 2 in Ice Magic
  1116 | D:6      | Reached skill level 2 in Air Magic
  1116 | D:6      | Reached skill level 2 in Earth Magic
  1116 | D:6      | Reached skill level 2 in Poison Magic
  1121 | Temple   | Entered the Ecumenical Temple
  1127 | Temple   | Became a worshipper of Cheibriados the Contemplative
  1172 | D:6      | Killed Prince Ribbit
  1172 | D:6      | Reached skill level 3 in Invocations
  1181 | D:6      | Reached XP level 8. HP: 43/69 MP: 3/16
  1233 | D:6      | Noticed Menkaure
  1239 | D:6      | Killed Menkaure
  1239 | D:6      | Reached skill level 3 in Short Blades
  1239 | D:6      | Reached skill level 3 in Long Blades
  1239 | D:6      | Reached skill level 3 in Maces & Flails
  1239 | D:6      | Reached skill level 3 in Polearms
  1239 | D:6      | Reached skill level 3 in Staves
  1239 | D:6      | Reached skill level 3 in Slings
  1239 | D:6      | Reached skill level 3 in Bows
  1239 | D:6      | Reached skill level 3 in Crossbows
  1239 | D:6      | Reached skill level 3 in Throwing
  1239 | D:6      | Reached skill level 4 in Armour
  1239 | D:6      | Reached skill level 3 in Stealth
  1239 | D:6      | Reached skill level 3 in Shields
  1239 | D:6      | Reached skill level 3 in Unarmed Combat
  1239 | D:6      | Reached skill level 6 in Charms
  1239 | D:6      | Reached skill level 3 in Evocations
  1261 | D:8      | Found a staircase to the Lair.
  1278 | D:8      | Found a sand-covered staircase.
  1284 | Ossuary  | Entered an ossuary
  1510 | D:8      | Reached skill level 6 in Spellcasting
  1535 | D:8      | Noticed a two-headed ogre
  1546 | D:8      | Reached * piety under Cheibriados
  1555 | D:8      | Killed a two-headed ogre
  1555 | D:8      | Reached skill level 6 in Fighting
  1555 | D:8      | Reached skill level 6 in Axes
  1555 | D:8      | Reached skill level 6 in Dodging
  1555 | D:8      | Reached skill level 3 in Conjurations
  1555 | D:8      | Reached skill level 3 in Hexes
  1555 | D:8      | Reached skill level 3 in Summonings
  1555 | D:8      | Reached skill level 3 in Necromancy
  1555 | D:8      | Reached skill level 3 in Translocations
  1555 | D:8      | Reached skill level 3 in Transmutations
  1555 | D:8      | Reached skill level 3 in Fire Magic
  1555 | D:8      | Reached skill level 3 in Ice Magic
  1555 | D:8      | Reached skill level 3 in Air Magic
  1555 | D:8      | Reached skill level 3 in Earth Magic
  1555 | D:8      | Reached skill level 3 in Poison Magic
  1555 | D:8      | Reached skill level 4 in Invocations
  1555 | D:8      | Reached XP level 9. HP: 75/75 MP: 11/18
  1571 | D:8      | Reached skill level 4 in Short Blades
  1571 | D:8      | Reached skill level 4 in Long Blades
  1571 | D:8      | Reached skill level 4 in Maces & Flails
  1571 | D:8      | Reached skill level 4 in Polearms
  1571 | D:8      | Reached skill level 4 in Staves
  1571 | D:8      | Reached skill level 4 in Slings
  1571 | D:8      | Reached skill level 4 in Bows
  1571 | D:8      | Reached skill level 4 in Crossbows
  1571 | D:8      | Reached skill level 4 in Throwing
  1571 | D:8      | Reached skill level 4 in Stealth
  1571 | D:8      | Reached skill level 4 in Shields
  1571 | D:8      | Reached skill level 4 in Unarmed Combat
  1571 | D:8      | Reached skill level 4 in Evocations
  1647 | Lair:1   | Entered Level 1 of the Lair of Beasts
  1698 | Lair:2   | Noticed a rime drake
  1706 | Lair:2   | Killed a rime drake
  1706 | Lair:2   | Reached skill level 5 in Armour
  1711 | Lair:2   | Noticed a komodo dragon
  1722 | Lair:2   | Killed a komodo dragon
  1933 | Lair:3   | Noticed emiel's ghost (journeyman HuEE)
  1992 | Lair:4   | Noticed a spiny frog
  2000 | Lair:4   | Reached skill level 5 in Invocations
  2002 | Lair:4   | Killed a spiny frog
  2002 | Lair:4   | Reached skill level 7 in Spellcasting
  2002 | Lair:4   | Reached XP level 10. HP: 53/84 MP: 20/20
  2008 | Lair:4   | Reached skill level 4 in Conjurations
  2008 | Lair:4   | Reached skill level 4 in Hexes
  2008 | Lair:4   | Reached skill level 4 in Summonings
  2008 | Lair:4   | Reached skill level 4 in Necromancy
  2008 | Lair:4   | Reached skill level 4 in Translocations
  2008 | Lair:4   | Reached skill level 4 in Transmutations
  2008 | Lair:4   | Reached skill level 4 in Fire Magic
  2008 | Lair:4   | Reached skill level 4 in Ice Magic
  2008 | Lair:4   | Reached skill level 4 in Air Magic
  2008 | Lair:4   | Reached skill level 4 in Earth Magic
  2008 | Lair:4   | Reached skill level 4 in Poison Magic
  2013 | Lair:4   | Reached skill level 5 in Short Blades
  2013 | Lair:4   | Reached skill level 5 in Long Blades
  2013 | Lair:4   | Reached skill level 5 in Maces & Flails
  2013 | Lair:4   | Reached skill level 5 in Polearms
  2013 | Lair:4   | Reached skill level 5 in Staves
  2013 | Lair:4   | Reached skill level 5 in Slings
  2013 | Lair:4   | Reached skill level 5 in Bows
  2013 | Lair:4   | Reached skill level 5 in Crossbows
  2013 | Lair:4   | Reached skill level 5 in Throwing
  2013 | Lair:4   | Reached skill level 5 in Stealth
  2013 | Lair:4   | Reached skill level 5 in Shields
  2013 | Lair:4   | Reached skill level 5 in Unarmed Combat
  2013 | Lair:4   | Reached skill level 5 in Evocations
  2014 | Lair:4   | Noticed a seven-headed hydra
  2019 | Lair:4   | Killed a seven-headed hydra
  2019 | Lair:4   | Reached skill level 7 in Fighting
  2019 | Lair:4   | Reached skill level 7 in Axes
  2019 | Lair:4   | Reached skill level 7 in Dodging
  2019 | Lair:4   | Reached skill level 7 in Charms
  2022 | Lair:4   | Reached ** piety under Cheibriados
  2023 | Lair:4   | Reached skill level 6 in Armour
  2051 | Lair:4   | Noticed a black mamba
  2057 | Lair:4   | Killed a black mamba
  2059 | Lair:4   | Noticed an elephant
  2065 | Lair:4   | Reached skill level 6 in Invocations
  2068 | Lair:4   | Killed an elephant
  2083 | Lair:4   | Noticed an elephant
  2086 | Lair:4   | Noticed an elephant
  2089 | Lair:4   | Noticed an elephant
  2092 | Lair:4   | Killed an elephant
  2092 | Lair:4   | Killed an elephant
  2092 | Lair:4   | Reached XP level 11. HP: 87/92 MP: 20/22
  2127 | Lair:4   | Noticed a dire elephant
  2129 | Lair:4   | Reached skill level 6 in Short Blades
  2129 | Lair:4   | Reached skill level 6 in Long Blades
  2129 | Lair:4   | Reached skill level 6 in Maces & Flails
  2129 | Lair:4   | Reached skill level 6 in Polearms
  2129 | Lair:4   | Reached skill level 6 in Staves
  2129 | Lair:4   | Reached skill level 6 in Slings
  2129 | Lair:4   | Reached skill level 6 in Bows
  2129 | Lair:4   | Reached skill level 6 in Crossbows
  2129 | Lair:4   | Reached skill level 6 in Throwing
  2129 | Lair:4   | Reached skill level 6 in Stealth
  2129 | Lair:4   | Reached skill level 6 in Shields
  2129 | Lair:4   | Reached skill level 6 in Unarmed Combat
  2129 | Lair:4   | Reached skill level 5 in Conjurations
  2129 | Lair:4   | Reached skill level 5 in Hexes
  2129 | Lair:4   | Reached skill level 5 in Summonings
  2129 | Lair:4   | Reached skill level 5 in Necromancy
  2129 | Lair:4   | Reached skill level 5 in Translocations
  2129 | Lair:4   | Reached skill level 5 in Transmutations
  2129 | Lair:4   | Reached skill level 5 in Fire Magic
  2129 | Lair:4   | Reached skill level 5 in Ice Magic
  2129 | Lair:4   | Reached skill level 5 in Air Magic
  2129 | Lair:4   | Reached skill level 5 in Earth Magic
  2129 | Lair:4   | Reached skill level 5 in Poison Magic
  2129 | Lair:4   | Reached skill level 6 in Evocations
  2153 | Lair:3   | Noticed a four-headed hydra
  2158 | Lair:3   | Killed a four-headed hydra
  2158 | Lair:3   | Reached skill level 8 in Spellcasting
  2184 | Lair:2   | Reached *** piety under Cheibriados
  2209 | Lair:2   | Found a staircase to the Snake Pit.
  2220 | Snake:1  | Entered Level 1 of the Snake Pit
  2242 | Snake:1  | Noticed a shock serpent
  2246 | Snake:1  | Noticed an anaconda
  2246 | Snake:1  | Killed a shock serpent
  2246 | Snake:1  | Reached skill level 7 in Invocations
  2248 | Snake:1  | Noticed an anaconda
  2251 | Snake:1  | Noticed a naga sharpshooter
  2255 | Snake:1  | Noticed Azrael
  2267 | Snake:1  | Noticed a swamp dragon
  2269 | Snake:1  | Noticed a salamander mystic
  2270 | Snake:1  | Noticed a salamander
  2271 | Snake:1  | Noticed Agnes
  2271 | Snake:1  | Noticed a salamander
  2271 | Snake:1  | Killed an anaconda
  2271 | Snake:1  | Reached skill level 8 in Fighting
  2271 | Snake:1  | Reached skill level 8 in Axes
  2271 | Snake:1  | Reached skill level 7 in Armour
  2271 | Snake:1  | Reached skill level 8 in Dodging
  2295 | Snake:1  | Noticed a naga sharpshooter
  2312 | Snake:1  | Killed a salamander
  2314 | Snake:1  | Noticed a swamp dragon
  2321 | Snake:1  | Slain by Agnes

Skill      XL: |  1  2  3  4  5  6  7  8  9 10 11 |
---------------+----------------------------------+-----
Spellcasting   | 5 6 7 8 |  8.3
Invocations    | 1 2 3 4 5 6 7 |  7.2
Short Blades   | 1 2 3 4 5 6 |  6.5
Long Blades    | 1 2 3 4 5 6 |  6.5
Maces & Flails | 1 2 3 4 5 6 |  6.5
Polearms       | 1 2 3 4 5 6 |  6.5
Staves         | 1 2 3 4 5 6 |  6.5
Slings         | 1 2 3 4 5 6 |  6.5
Bows           | 1 2 3 4 5 6 |  6.5
Crossbows      | 1 2 3 4 5 6 |  6.5
Throwing       | 1 2 3 4 5 6 |  6.5
Stealth        | 1 2 3 4 5 6 |  6.5
Shields        | 1 2 3 4 5 6 |  6.5
Unarmed Combat | 1 2 3 4 5 6 |  6.5
Evocations     | 1 2 3 4 5 6 |  6.5
Conjurations   | 1 2 3 4 5 |  5.4
Hexes          | 1 2 3 4 5 |  5.4
Summonings     | 1 2 3 4 5 |  5.4
Necromancy     | 1 2 3 4 5 |  5.4
Translocations | 1 2 3 4 5 |  5.4
Transmutations | 1 2 3 4 5 |  5.4
Fire Magic     | 1 2 3 4 5 |  5.4
Ice Magic      | 1 2 3 4 5 |  5.4
Air Magic      | 1 2 3 4 5 |  5.4
Earth Magic    | 1 2 3 4 5 |  5.4
Poison Magic   | 1 2 3 4 5 |  5.4
Armour         | 3 4 5 6 7 |  7.1
Fighting       | 5 6 7 8 |  8.1
Axes           | 5 6 7 8 |  8.1
Dodging        | 5 6 7 8 |  8.1
Charms         | 6 7 |  7.8

Action                   |  1- 3 |  4- 6 |  7- 9 | 10-12 || total
-------------------------+-------+-------+-------+-------++-------
Melee: Hand axe          |    77 |    59 |       |       ||   136
       Bite              |    10 |    12 |    17 |    19 ||    58
       Punch             |     1 |     1 |     3 |     7 ||    12
       Dagger            |       |    21 |     1 |       ||    22
       Morningstar       |       |     7 |    20 |       ||    27
       War axe           |       |       |    81 |    98 ||   179
Throw: Tomahawk          |       |       |     1 |       ||     1
       Javelin           |       |       |       |     4 ||     4
 Cast: Infusion          |     8 |     1 |       |       ||     9
       Shroud of Golubri |     1 |     2 |     5 |     2 ||    10
       Spectral Weapon   |     3 |     8 |    17 |    11 ||    39
       Regeneration      |     1 |     7 |     6 |    12 ||    26
       Song of Slaying   |       |       |     4 |     5 ||     9
Evoke: Wand              |       |    16 |    13 |     7 ||    36
  Use: Potion            |     1 |     2 |       |     4 ||     7
       Scroll            |       |     7 |     7 |     4 ||    18
 Stab: Paralysed         |       |    11 |       |       ||    11
       Sleeping          |       |     3 |     2 |       ||     5
       Betrayed ally     |       |       |     2 |       ||     2
       Distracted        |       |       |     1 |     3 ||     4
  Eat: Ration            |       |     1 |     1 |       ||     2
Armor: Leather armour    |    19 |    23 |     5 |       ||    47
       Ring mail         |       |       |    23 |    45 ||    68
Dodge: Dodged            |    64 |    37 |    71 |   191 ||   363
Block: Other             |       |     2 |     9 |       ||    11
       Reflection        |       |     1 |     3 |       ||     4

Table legend:
 A = Turns spent in this place as a percentage of turns spent in the entire game.
 B = Non-inter-level travel turns spent in this place as a percentage of non-inter-level travel turns spent in the entire game.
 C = Inter-level travel turns spent in this place as a percentage of turns spent in this place.
 D = Turns resting spent in this place as a percentage of non-inter-level travel turns spent in this place.
 E = Turns spent auto-exploring this place as a percentage of non-inter-level travel turns spent in this place.
 F = Non-inter-level travel turns spent in this place divided by the number of levels of this place that you've seen.
                   A       B       C       D       E      F
               +-------+-------+-------+-------+-------+----------------------
         Total | 100.0 | 100.0 |   1.4 |   0.0 |   0.0 | 152.5
       Dungeon |  62.9 |  62.4 |   2.3 |   0.0 |   0.0 | 178.5
        Temple |   1.0 |   1.0 |   0.0 |   0.0 |   0.0 |  23.0
          Lair |  24.7 |  25.0 |   0.0 |   0.0 |   0.0 | 143.2
     Snake Pit |   4.4 |   4.4 |   0.0 |   0.0 |   0.0 | 101.0
       Ossuary |   7.0 |   7.1 |   0.0 |   0.0 |   0.0 | 163.0
               +-------+-------+-------+-------+-------+----------------------

Table legend:
 A = Kills in this place as a percentage of kills in entire the game.
 B = Kills by you in this place as a percentage of kills by you in the entire game.
 C = Kills by friends in this place as a percentage of kills by friends in the entire game.
 D = Other kills in this place as a percentage of other kills in the entire game.
 E = Experience gained in this place as a percentage of experience gained in the entire game.
 F = Experience gained in this place divided by the number of levels of this place that you have seen.
                   A       B       C       D       E      F
               +-------+-------+-------+-------+-------+----------------------
         Total | 100.0 | 100.0 | 100.0 | 100.0 | 100.0 | 1118.0
       Dungeon |  57.0 |  55.6 | 100.0 |   0.0 |  16.6 | 347.4
          Lair |  28.9 |  30.3 |   0.0 |   0.0 |  68.6 | 2875.5
     Snake Pit |   3.4 |   2.8 |   0.0 | 100.0 |  13.9 | 2338.0
       Ossuary |  10.7 |  11.3 |   0.0 |   0.0 |   0.9 | 151.0
               +-------+-------+-------+-------+-------+----------------------

Vault maps used:
D:1:      matt_arrival_spirals, minmay_lizard_king
D:3:      dancing_weapons_uskayaw, lemuel_coloured_pillars_altar, first_ration
D:4:      grunt_temple_overflow_order_and_chaos_1, lemuel_round_altar,
          serial_shops, nicolae_shop_overgrown_old_shop,
          nicolae_ru_awakened_eye, uniq_pikel
D:6:      minmay_temple_entry_glass, uniq_edmund, uniq_menkaure,
          uniq_prince_ribbit1, uniq_blork_the_orc
D:7:      nicolae_whirlpool, grunt_livestock, wad_floor_pattern_untrapped
D:8:      minmay_bloctagon, lair_entry_dummy, enter_ossuary_3, uniq_maurice,
          uniq_psyche
Temple:   eino_narrow_crystal_temple
Lair:1:   worms_lemuel, infiniplex_staircase_pool_2
Lair:2:   guppyfry_snake_entry_garden, grunt_megastairs_2
Lair:4:   mu_elephants_graveyard, minmay_swamp_entry_worms, minivault_26,
          serial_bayou_pond_b
Snake:1:  onia_ninara_swampy_vault, uniq_azrael, uniq_agnes
Ossuary:  ossuary_tomb_3
